 Dungeon Crawl Stone Soup version 0.29.1-15-g9cfb28693d (webtiles) character file.

Game seed: 16310124863588298563

278 adizb the Magician (level 6, 0/27 (32) HPs)
             Began as a Deep Elf Necromancer on Apr 23, 2023.
             Slain by a necrophage (1 damage)
             ... on level 4 of the Dungeon.
             The game lasted 00:15:47 (2890 turns).

adizb the Magician (Deep Elf Necromancer)           Turns: 2890, Time: 00:15:47

HP:   0/27 (32)     AC:  3    Str:  5    XL:     6   Next: 5%
MP:   27/27         EV: 12    Int: 22    God:
Gold: 56            SH:  0    Dex: 15    Spells: 11/19 levels left

rFire   . . .      SeeInvis .   u - staff of conjuration
rCold   . . .      Faith    .   (no shield)
rNeg    . . .      Spirit   .   a - +0 robe
rPois   .          Reflect  .   r - +0 helmet
rElec   .          Harm     .   (no cloak)
rCorr   .          Rampage  .   (no gloves)
Will    .....                   (no boots)
Stlth   ++........              (no amulet)
HPRegen 0.09/turn               s - ring of magical power
MPRegen 0.20/turn               (no ring)

@: heavily drained
A: no striking features
a: no special abilities


You were on level 4 of the Dungeon.
You visited 1 branch of the dungeon, and saw 4 of its levels.

You collected 56 gold pieces.

Inventory:

Hand Weapons
 c - a +0 dagger
 d - a +0 whip
Armour
 a - a +0 robe (worn)
 r - a +0 helmet (worn)
Magical Staves
 u - a staff of conjuration (weapon)
Jewellery
 s - a ring of magical power (left hand)
Scrolls
 i - a scroll of teleportation
 j - a scroll of summoning {unknown}
 k - a scroll of noise {unknown}
 l - a scroll of immolation {unknown}
 m - 2 scrolls of amnesia
 p - a scroll of enchant armour
 q - 2 scrolls of poison
 t - a scroll of blinking {unknown}
Potions
 b - a potion of magic
 e - a potion of curing {unknown}
 f - 3 potions of brilliance {unknown}
 g - 3 potions of flight {unknown}
 h - 4 potions of haste {unknown}
 n - a potion of might {unknown}
 o - a potion of attraction {unknown}


   Skills:
 + Level 0.0 Fighting
 + Level 0.0 Staves
 - Level 2.4 Dodging
 - Level 2.4 Stealth
 * Level 7.2 Spellcasting
 + Level 6.4 Necromancy


You had 11 spell levels left.
You knew the following spells:

 Your Spells              Type           Power      Damage    Failure   Level
a - Necrotise             Necr           100%       1d9       1%          1
b - Vampiric Draining     Necr           36%        2d8       1%          3
c - Animate Dead          Necr           36%        N/A       6%          4

Your spell library contained the following spells:

 Spells                   Type           Power      Damage    Failure   Level
 Agony                    Necr           36%        N/A       16%         5


Dungeon Overview and Level Annotations

Branches:
Dungeon (4/15)
 Temple: D:4-7

Altars:


Message History

The necrophage hits you.
You closely miss the necrophage.
The necrophage is lightly damaged.
The necrophage hits you.
You feel drained.
Your hobgoblin skeleton hits the necrophage but does no damage.
You hit the necrophage but do no damage.
The necrophage is lightly damaged.
The necrophage closely misses you.
Your hobgoblin skeleton hits the necrophage.
The necrophage hits you.
You barely miss the necrophage.
The necrophage is lightly damaged.
The necrophage hits you.
Your hobgoblin skeleton hits the necrophage.
You hit the necrophage but do no damage.
The necrophage is moderately damaged.
The necrophage closely misses you.
Your hobgoblin skeleton hits the necrophage but does no damage.
You barely miss the necrophage.
The necrophage is moderately damaged.
The necrophage misses you.
Your hobgoblin skeleton hits the necrophage.
You hit the necrophage.
The necrophage is heavily damaged.
The necrophage hits you.
Your hobgoblin skeleton hits the necrophage.
You hit the necrophage.
The necrophage is heavily damaged.
The necrophage hits you but does no damage.
Your hobgoblin skeleton barely misses the necrophage.
The necrophage hits you.
* * * LOW HITPOINT WARNING * * *
You feel drained.
* * * LOW HITPOINT WARNING * * *
You hit the necrophage.
The necrophage is severely damaged.
The necrophage hits you.
* * * LOW HITPOINT WARNING * * *
You feel drained.
You die...

..# ##.................
.######
..####...................
..#...##+#............)..
..#...##.'...............
#.....####...............
........##......###......
........##...###.......#
........##...# #.........
......####...###@!.......
....######.....nZ........
.#### .........##.......
...# ........?..# ....###
...+ ...........# ....#
...# ...........# ....#
'### .........### ...#
... .........+ ... ...#
.......


You could see a necrophage (ally target) and a friendly hobgoblin skeleton.

Vanquished Creatures
  A hound (D:4)
  Natasha (thrice) (D:2)
  4 gnolls (D:4)
  6 adders
  3 worms (D:2)
  2 dart slugs
  An orc (D:3)
  A bat (D:2)
  4 endoplasms (D:2)
  A giant cockroach (D:2)
  8 hobgoblins
  5 kobolds
  4 quokkas
  6 ball pythons
  A frilled lizard (D:3)
  6 goblins
  A rat (D:2)
57 creatures vanquished.

Vanquished Creatures (collateral kills)
  An adder (D:3)
  A ball python (D:1)
  2 goblins
  A hobgoblin (D:1)
  A jackal (D:1)
  A quokka (D:1)
  A bat (D:2)
  2 rats
10 creatures vanquished.

Grand Total: 67 creatures vanquished

Notes
Turn   | Place    | Note
-------+----------+-------------------------------------------
     0 | D:1      | adizb the Deep Elf Necromancer began the quest for the Orb.
     0 | D:1      | Reached XP level 1. HP: 10/10 MP: 6/6
   186 | D:1      | Reached skill level 5 in Necromancy
   193 | D:1      | Reached XP level 2. HP: 15/15 MP: 5/8
   298 | D:1      | Reached skill level 4 in Spellcasting
   748 | D:2      | Reached XP level 3. HP: 19/19 MP: 5/10
   752 | D:2      | Learned a level 3 spell: Vampiric Draining
  1148 | D:2      | Noticed Natasha
  1160 | D:2      | Killed Natasha
  1161 | D:2      | Reached skill level 5 in Spellcasting
  1161 | D:2      | Reached XP level 4. HP: 13/24 MP: 5/13
  1196 | D:2      | Noticed Natasha
  1338 | D:2      | Killed Natasha
  1709 | D:2      | Noticed Natasha
  1714 | D:2      | Killed Natasha
  1715 | D:2      | Reached skill level 6 in Spellcasting
  1715 | D:2      | Reached XP level 5. HP: 28/28 MP: 11/15
  1748 | D:3      | Learned a level 4 spell: Animate Dead
  2785 | D:4      | Reached skill level 7 in Spellcasting
  2799 | D:4      | Reached XP level 6. HP: 19/32 MP: 16/18
  2890 | D:4      | HP: 1/28 [necrophage (4)]
  2890 | D:4      | Slain by a necrophage

Illustrated notes

Levels and vault maps discovered:
D:1:      giann_wishing_wells, layout_basic, minmay_pentomino_v4
D:2:      layout_basic, grunt_decor_arrowhead, uniq_natasha
D:3:      layout_basic
D:4:      layout_basic

Skill      XL: |  1  2  3  4  5 |
---------------+----------------+-----
Necromancy     | 5 6 |  6.4
Spellcasting   | 4 5 6 7 |  7.2
Dodging        | |  2.4
Stealth        | |  2.4

Action                   |  1- 3 |  4- 6 || total
-------------------------+-------+-------++-------
Melee: Spear             |     2 |       ||     2
       Whip              |    13 |    13 ||    26
       Staff             |       |     9 ||     9
 Cast: Necrotise         |    42 |    76 ||   118
       Vampiric Draining |     1 |       ||     1
  Use: Scroll            |     3 |     3 ||     6
Armor: Robe              |    11 |     5 ||    16
Dodge: Dodged            |     6 |    18 ||    24
